 Dungeon Crawl Stone Soup version 0.18-a0-1312-gf98331d (webtiles) character file.

550 Oddball22 the Magician (level 7, 0/48 HPs)
             Began as a Demonspawn Transmuter on Feb 14, 2016.
             Slain by Prince Ribbit (10 damage)
             ... on level 5 of the Dungeon.
             The game lasted 00:10:42 (5355 turns).

Oddball22 the Magician (Demonspawn Transmuter)      Turns: 5355, Time: 00:10:43

Health: 0/48       AC:  7    Str: 10    XL:     7   Next: 7%
Magic:  13/13      EV: 13    Int: 14    God:
Gold:   231        SH:  2    Dex: 16    Spells: 4 memorised, 5 levels left

rFire  . . .     SeeInvis .     s - +4 quarterstaff (chaos)
rCold  . . .     Gourm    +     x - +2 robe of Daffodils {+Fly rElec}
rNeg   . . .     Faith    .     (shield currently unavailable)
rPois  .         Spirit   .     (no helmet)
rElec  +         Dismiss  .     v - +0 cloak
rCorr  +         Reflect  .     (no gloves)
SustAt .         Harm     .     (no boots)
MR     .....                    e - amulet of the gourmand
Stlth  ++........               (no ring)
                                l - ring of resist corrosion

@: not resistant to hostile enchantments, unstealthy
A: talons 1, large bone plates 1, nightstalker 1, rot immunity
a: Evoke Flight


You were on level 5 of the Dungeon.
You were not hungry.

You visited 1 branch of the dungeon, and saw 5 of its levels.

You collected 231 gold pieces.

Inventory:

Hand Weapons
 s - a +4 quarterstaff of chaos (weapon)
 y - a +0 hand crossbow
Missiles
 a - 12 arrows
 g - 22 bolts
Armour
 v - a +0 cloak (worn)
 x - the +2 robe of Daffodils (worn) {+Fly rElec}
   (You found it on level 4 of the Dungeon)

   It insulates you from electricity.
   It lets you fly.
Jewellery
 e - an amulet of the gourmand (around neck)
 l - a ring of resist corrosion (left hand)
Scrolls
 f - 2 scrolls of remove curse {unknown}
 n - a scroll of enchant armour {unknown}
 o - 7 scrolls of teleportation {unknown}
 p - a scroll of magic mapping
 q - a scroll of fog {unknown}
 r - 2 scrolls of identify {unknown}
 t - 2 scrolls of enchant weapon {unknown}
 u - a scroll of fear {unknown}
 z - a scroll of recharging {unknown}
 C - a scroll of blinking {unknown}
Potions
 h - a potion of resistance {unknown}
 i - 2 potions of lignification {unknown}
 m - 4 potions of flight
 w - 3 potions of haste {unknown}
 D - a potion of berserk rage {unknown}
Books
 c - a book of Changes

   Spells                             Type                      Level
   a - Beastly Appendage              Transmutation                1
   b - Sticks to Snakes               Transmutation                2
   c - Spider Form                    Transmutation/Poison         3
   d - Ice Form                       Ice/Transmutation            4
   e - Blade Hands                    Transmutation                5
 A - a book of Flames

   Spells                             Type                      Level
   a - Flame Tongue                   Conjuration/Fire             1
   b - Throw Flame                    Conjuration/Fire             2
   c - Conjure Flame                  Conjuration/Fire             3
   d - Inner Flame                    Hexes/Fire                   3
   e - Sticky Flame                   Conjuration/Fire             4
   f - Fireball                       Conjuration/Fire             5
Comestibles
 b - a beef jerky
 d - 3 bread rations
 j - 3 meat rations
 k - a slice of pizza


   Skills:
 - Level 1.0 Fighting
 - Level 2.5 Dodging
 - Level 4.1 Unarmed Combat
 * Level 4.5 Spellcasting
 + Level 3.4 Transmutations
 + Level 2.6 Poison Magic


You had 5 spell levels left.
You knew the following spells:

 Your Spells              Type           Power        Failure   Level  Hunger
a - Beastly Appendage     Trmt           ##....       4%          1    None
b - Sticks to Snakes      Trmt           ##......     10%         2    ##.....
c - Spider Form           Trmt/Pois      ##........   17%         3    ###....
d - Ice Form              Ice/Trmt       #.......     89%         4    ####...


Dungeon Overview and Level Annotations

Branches:
Dungeon (5/15)
 Temple: D:4-7

Altars:
Ashenzari
Elyvilon
Gozag
Kikubaaqudgha
Pakellas
Trog
Vehumet
The Shining One

Shops:
D:5 [

Annotations:
D:3 KarvaRausku's ghost, amateur DrTm
D:5 Prince Ribbit


Innate Abilities, Weirdness & Mutations

You have sharp toenails.
You are partially covered in large bone plates (AC +2, SH +2).
You are slightly more attuned to the shadows.
You are immune to rotting.


Message History

Prince Ribbit hits you but does no damage.
You hit Prince Ribbit.
Prince Ribbit is poisoned.
Prince Ribbit is heavily wounded.
Prince Ribbit hits you. You block Prince Ribbit's attack.
You closely miss Prince Ribbit. You claw Prince Ribbit.
Prince Ribbit is heavily wounded.
Prince Ribbit closely misses you. Prince Ribbit hits you!
You hit Prince Ribbit.
Prince Ribbit's magic leaks into the air.
You claw Prince Ribbit.
Prince Ribbit is severely wounded.
Prince Ribbit casts a spell.
Prince Ribbit looks slightly unstable.
You barely miss Prince Ribbit.
You claw Prince Ribbit, but do no damage.
Prince Ribbit is severely wounded.
Prince Ribbit hits you!
* * * LOW HITPOINT WARNING * * *
Prince Ribbit hits you!
You die...

###.######.....##.
#.........∩.......#
#.#.######.....##.###.
#.#.# #.....####.#..
#.#.# #.....####.#.##
#.#)####.............#
.......F.............#
.....................#
...(.....###...F@....#
.........# #.........#
.........# #.........#
........## #.........#
........# ###########
........# ........#
........# ........#


You could see Prince Ribbit.

Vanquished Creatures
  A phantom (D:4)
  Blork the orc (D:5)
  An orc priest (D:4)
  Crazy Yiuf (D:2)
  A giant frog skeleton (D:4)
  2 iguanas
  4 orc wizards
  A worker ant (D:4)
  A hound skeleton (D:5)
  4 adders
  An ooze (D:4)
  3 worms
  2 giant geckos
  12 orcs
  A ball python (D:5)
  5 bats
  8 giant cockroaches
  2 goblins (D:1)
  2 hobgoblins
  2 jackals (D:1)
  2 quokkas
  A giant gecko skeleton (D:4)
  4 giant newts
  5 kobolds
  4 rats
71 creatures vanquished.

Notes
Turn   | Place    | Note
--------------------------------------------------------------
     0 | D:1      | Oddball22 the Demonspawn Transmuter began the quest for the Orb.
     0 | D:1      | Reached XP level 1. HP: 15/15 MP: 3/3
   384 | D:1      | Reached skill level 3 in Unarmed Combat
   464 | D:1      | Gained mutation: You are immune to rotting. [demonic ancestry]
   464 | D:1      | Reached XP level 2. HP: 21/21 MP: 3/5
   480 | D:1      | Learned a level 2 spell: Sticks to Snakes
  1548 | D:2      | Found an opulent altar of Gozag.
  1549 | D:2      | Found a shattered altar of Ashenzari.
  1551 | D:2      | Found an ancient bone altar of Kikubaaqudgha.
  1553 | D:2      | Found an oddly glowing altar of Pakellas.
  1555 | D:2      | Found a white marble altar of Elyvilon.
  1555 | D:2      | Found a bloodstained altar of Trog.
  1555 | D:2      | Found a radiant altar of Vehumet.
  1555 | D:2      | Found a glowing golden altar of the Shining One.
  1673 | D:2      | Reached XP level 3. HP: 9/26 MP: 4/6
  2478 | D:2      | Learned a level 3 spell: Spider Form
  2678 | D:2      | Noticed Crazy Yiuf
  2796 | D:2      | Killed Crazy Yiuf
  2796 | D:2      | Reached skill level 4 in Unarmed Combat
  2796 | D:2      | Reached XP level 4. HP: 11/32 MP: 3/7
  3243 | D:3      | Reached skill level 1 in Poison Magic
  3243 | D:3      | Gained mutation: You have sharp toenails. [demonic ancestry]
  3243 | D:3      | Reached XP level 5. HP: 5/37 MP: 6/9
  3253 | D:3      | Noticed KarvaRausku's ghost (amateur DrTm)
  3541 | D:4      | Got a shimmering robe
  3552 | D:4      | Identified the +2 robe of Daffodils {+Fly rElec} (You found it on level 4 of the Dungeon)
  3754 | D:4      | Learned a level 4 spell: Ice Form
  3891 | D:4      | Noticed a phantom
  3929 | D:4      | Killed a phantom
  3929 | D:4      | Gained mutation: You are slightly more attuned to the shadows. [demonic ancestry]
  3929 | D:4      | Reached XP level 6. HP: 8/43 MP: 8/11
  4924 | D:5      | Entered Level 5 of the Dungeon
  4952 | D:5      | Noticed Blork the orc
  4964 | D:5      | Killed Blork the orc
  5112 | D:5      | Found Ujafax's Antique Armour Emporium.
  5116 | D:5      | Gained mutation: You are partially covered in large bone plates (AC +2, SH +2). [demonic ancestry]
  5116 | D:5      | Reached XP level 7. HP: 48/48 MP: 11/13
  5142 | D:5      | Noticed Prince Ribbit
  5355 | D:5      | Slain by Prince Ribbit

Vault maps used:
D:1:      minmay_arrival_three_doors
D:2:      grunt_temple_overflow_open, first_bread, serial_aquarium,
          aquarium_bridge_square, aquarium_window_2, aquarium_window_2,
          aquarium_window_fake, aquarium_view_2b, uniq_crazy_yiuf_cottage
D:3:      nemelex_deck, gup_sewer_entry_glass, cheibriados_altar_wand_db,
          uniq_iyjb
D:4:      st_stairs_2
D:5:      temple_green, serial_shops, shop, saegor_snake_ambush,
          uniq_blork_the_orc, uniq_prince_ribbit1

Action                   |  1- 3 |  4- 6 |  7- 9 || total
-------------------------+-------+-------+-------++-------
Melee: Unarmed           |   123 |     6 |     6 ||   135
       Quarterstaff      |       |   103 |    12 ||   115
 Cast: Beastly Appendage |    22 |    15 |       ||    37
       Spider Form       |     1 |     1 |     3 ||     5
  Use: Scroll            |     3 |       |       ||     3
       Potion            |     4 |     1 |       ||     5
 Stab: Sleeping          |       |     2 |     1 ||     3
  Eat: Chunk             |     7 |     7 |     2 ||    16
